 Dungeon Crawl Stone Soup version 0.19-a0-1932-g59670f6 (webtiles) character file.

128 qqqbard the Magician (level 5, -5/28 HPs)
             Began as a Gargoyle Wizard on Oct 25, 2016.
             Was an Initiate of Vehumet.
             Killed by divine providence
             ... invoked by an orc priest
              (13 damage)
             ... on level 3 of the Dungeon.
             The game lasted 00:08:37 (2885 turns).

qqqbard the Magician (Gargoyle Wizard)              Turns: 2885, Time: 00:08:37

Health: -5/28      AC:  7    Str: 10    XL:     5   Next: 12%
Magic:  1/10       EV: 11    Int: 20    God:    Vehumet [......]
Gold:   158        SH:  0    Dex:  8    Spells: 3 memorised, 5 levels left

rFire  . . .     SeeInvis .     v - +4 mace
rCold  . . .     Gourm    .     o - +0 leather armour
rNeg   + . .     Faith    .     (no shield)
rPois  ∞         Spirit   .     b - +0 hat
rElec  +         Reflect  .     (no cloak)
rCorr  .         Harm     .     (no gloves)
MR     .....                    (no boots)
Stlth  +.........               (no amulet)
                                (no ring)
                                (no ring)

@: no status effects
A: negative energy resistance 1, electricity resistance, unbreathing,
petrification resistance, rot immunity, AC +4
a: Renounce Religion


You were on level 3 of the Dungeon.
You worshipped Vehumet.
Vehumet was noncommittal.
You were not hungry.

You visited 1 branch of the dungeon, and saw 3 of its levels.

You collected 158 gold pieces.

Inventory:

Hand Weapons
 v - a +4 mace (weapon)
Armour
 a - a +0 robe
 b - a +0 hat (worn)
 o - a +0 leather armour (worn)
Scrolls
 e - 2 scrolls of blinking {unknown}
 f - 2 scrolls of remove curse {unknown}
 j - a scroll of fear {unknown}
 m - a scroll of enchant weapon {unknown}
 r - 2 scrolls of identify {unknown}
 s - a scroll of noise {unknown}
 t - a scroll of enchant armour {unknown}
Potions
 h - a potion of lignification {unknown}
 i - a potion of heal wounds {unknown}
 n - 2 potions of brilliance {unknown}
 q - a potion of curing {unknown}
Books
 c - a book of Minor Magic

   Spells                             Type                      Level
   a - Magic Dart                     Conjuration                  1
   b - Blink                          Translocation                2
   c - Call Imp                       Summoning                    2
   d - Repel Missiles                 Charms/Air                   2
   e - Slow                           Hexes                        2
   f - Conjure Flame                  Conjuration/Fire             3
   g - Mephitic Cloud                 Conjuration/Poison/Air       3
Comestibles
 d - 2 bread rations
 k - 6 fruits
 l - 4 meat rations
 p - 2 beef jerkies
 u - 3 chunks of flesh


   Skills:
 + Level 2.1 Armour
 + Level 1.9 Dodging
 - Level 2.1 Stealth
 * Level 3.6 Spellcasting
 * Level 2.8 Conjurations
   Level 0.8 Summonings
 + Level 1.1 Translocations
 + Level 0.4 Air Magic
 + Level 1.0 Poison Magic


You had 5 spell levels left.
You knew the following spells:

 Your Spells              Type           Power        Failure   Level  Hunger
a - Magic Dart            Conj           ##..         8%          1    None
b - Blink                 Tloc           N/A          17%         2    ##.....
c - Mephitic Cloud        Conj/Pois/Air  #.......     34%         3    ###....


Dungeon Overview and Level Annotations

Branches:
Dungeon (3/15)

Altars:
Ashenzari
Gozag
Vehumet
The Shining One


Innate Abilities, Weirdness & Mutations

You are resistant to torment.
Your stone body is resilient. (AC +4)
You are immune to poison.
You resist negative energy. (rN+)
You are resistant to electric shocks. (rElec)
You can survive without breathing.
You are immune to petrification.
You are immune to rotting.


Message History

The orc priest is lightly wounded.
An orc wizard comes into view. It is wielding a dagger.
The orc wizard shouts!
The orc priest hits you but does no damage.
You hit the orc priest.
The orc priest is heavily wounded.
You thump the orc priest!
The orc priest is almost dead.
The orc wizard barely misses you.
The orc wizard begins to cast a cantrip, but forgets the words!
The orc priest invokes the aid of Beogh against you.
Beogh smites you!
* * * LOW HITPOINT WARNING * * *
The orc wizard misses you.
Casting: Magic Dart
Confirm with . or Enter, or press ? or * to list all spells.
You blink.
The orc priest calls down the wrath of Beogh upon you.
Beogh smites you!
You die...

##########
.########........#
.......@.........#
.......o.........#
.................#
........o........#
.........o.......#
..........?..)...#
.................#
#...............(#######
...................#


You could see an orc priest and 2 orc wizards.

Vanquished Creatures
  Ijyb (D:2)
  A gnoll (D:2)
  2 adders (D:2)
  4 worms
  A leopard gecko (D:1)
  4 orcs (D:3)
  3 giant cockroaches
  11 goblins
  4 hobgoblins
  3 jackals (D:2)
  10 kobolds
  2 bats (D:1)
  3 frilled lizards
  10 rats
59 creatures vanquished.

Notes
Turn   | Place    | Note
-------+----------+-------------------------------------------
     0 | D:1      | qqqbard the Gargoyle Wizard began the quest for the Orb.
     0 | D:1      | Reached XP level 1. HP: 10/10 MP: 4/4
   375 | D:1      | Reached XP level 2. HP: 15/15 MP: 3/6
   546 | D:1      | Reached skill level 1 in Armour
   839 | D:1      | Reached XP level 3. HP: 12/19 MP: 7/7
   848 | D:1      | Learned a level 2 spell: Blink
   852 | D:1      | Learned a level 3 spell: Mephitic Cloud
  1340 | D:2      | Found a radiant altar of Vehumet.
  1340 | D:2      | Found a shattered altar of Ashenzari.
  1344 | D:2      | Became a worshipper of Vehumet
  1631 | D:2      | Noticed Ijyb
  1658 | D:2      | Killed Ijyb
  1658 | D:2      | Reached skill level 1 in Translocations
  1658 | D:2      | Reached XP level 4. HP: 21/24 MP: 0/9
  1838 | D:2      | Found a glowing golden altar of the Shining One.
  1838 | D:2      | Found an opulent altar of Gozag.
  2304 | D:2      | Reached skill level 1 in Poison Magic
  2670 | D:3      | Reached XP level 5. HP: 24/28 MP: 3/10
  2885 | D:3      | Killed from afar by an orc priest

Vault maps used:
D:1:      dpeg_arrival_court, hangedman_decor_peaks_small
D:2:      gammafunk_temple_overflow_elements, gammafunk_temple_overflow_wave,
          first_bread, minmay_mini_jars, uniq_iyjb

Skill      XL: |  1  2  3  4 |
---------------+-------------+-----
Armour         | 1 2 |  2.1
Conjurations   | 2 |  2.8
Translocations | 1 |  1.1
Poison Magic   | 1 |  1.0
Dodging        | |  1.9
Stealth        | |  2.1
Spellcasting   | |  3.6
Summonings     | |  0.8
Air Magic      | |  0.4

Action                   |  1- 3 |  4- 6 || total
-------------------------+-------+-------++-------
Melee: Unarmed           |    12 |       ||    12
       Short sword       |    82 |    44 ||   126
       Mace              |       |    10 ||    10
 Cast: Magic Dart        |    74 |    59 ||   133
       Blink             |     1 |     1 ||     2
       Mephitic Cloud    |     1 |       ||     1
  Eat: Chunk             |     1 |     5 ||     6
Armor: Robe              |    30 |       ||    30
       Leather armour    |       |    22 ||    22
Dodge: Dodged            |    55 |    24 ||    79
